 Dungeon Crawl Stone Soup version 0.30-a0-1074-g5db6f66fbb (webtiles) character file.

Game seed: 1834725462026136639

2195 Aneyh the Fighter (level 9, -1/63 HPs)
             Began as a Tengu Fighter on Apr 13, 2023.
             Slain by Joseph
             ... wielding a +0 quarterstaff
              (14 damage)
             ... on level 7 of the Dungeon.
             The game lasted 00:18:40 (8908 turns).

Aneyh the Fighter (Tengu Fighter)                   Turns: 8908, Time: 00:18:40

Health: -1/63      AC:  5    Str: 21    XL:     9   Next: 34%
Magic:  10/10      EV: 17    Int:  8    God:
Gold:   320        SH:  5    Dex: 14    Spells: 8/8 levels left

rFire   . . .      SeeInvis .    F - +2 whip (elec)
rCold   . . .      Faith    .    n - +0 buckler
rNeg    . . .      Spirit   .    J - +0 steam dragon scales
rPois   .          Reflect  .    (helmet restricted)
rElec   .          Rampage  .    o - scarf {repulsion}
rCorr   .                        (no gloves)
Will    .....                    (boots unavailable)
Stlth   +                        e - amulet of the acrobat
HPRegen 0.30/turn                (no ring)
MPRegen 0.12/turn                (no ring)

@: mighty, flying quickly and evasively, repel missiles, quick
A: beak, talons 3, nimble flight
a: no special abilities


You were on level 7 of the Dungeon.
You visited 2 branches of the dungeon, and saw 8 of its levels.

You collected 320 gold pieces.

Inventory:

Hand Weapons
 p - a +0 antimagic spear
 w - a +0 trident
 F - a +2 whip of electrocution (weapon)
 G - a +2 whip of flaming
 H - a +0 halberd
 I - a +0 antimagic flail
Missiles
 C - 4 javelins (quivered)
Armour
 h - a scarf of repulsion
 n - a +0 buckler (worn)
 o - a scarf of repulsion (worn)
 y - a +0 cloak
 J - +0 steam dragon scales (worn)
Jewellery
 a - an amulet of faith
 e - an amulet of the acrobat (around neck)
Wands
 r - a wand of mindburst (15)
 A - a wand of iceblast (9)
 D - a wand of flame (4)
Scrolls
 g - a scroll of enchant armour {unknown}
 i - 2 scrolls of magic mapping {unknown}
 l - 4 scrolls of teleportation
 q - a scroll of poison {unknown}
 t - 2 scrolls of vulnerability
 u - 2 scrolls of fog
 v - a scroll of silence {unknown}
 x - a scroll of fear
 z - a scroll of summoning {unknown}
 B - a scroll of enchant weapon {unknown}
Potions
 d - a potion of might
 f - 6 potions of curing
 k - 3 potions of attraction {unknown}
 m - a potion of magic {unknown}
 s - 2 potions of brilliance {unknown}
 E - a potion of lignification {unknown}


   Skills:
 * Level 10.6 Fighting
 - Level 2.1 Maces & Flails
 - Level 3.2 Armour
 + Level 7.1 Dodging
 - Level 3.0 Shields


You had 8 spell levels left.
You didn't know any spells.
Your spell library contained the following spells:

 Spells                   Type           Power      Damage    Failure   Level
 Kiss of Death            Conj/Necr      0%         2d5       50%         1
 Sting                    Tmut/Pois      0%         1d3       50%         1
 Poisonous Vapours        Pois/Air       0%         N/A       65%         2
 Confusing Touch          Hex            0%         N/A       86%         3
 Dispel Undead            Necr           0%         3d6       99%         4
 Olgreb's Toxic Radiance  Pois           0%         N/A       99%         4


Dungeon Overview and Level Annotations

Branches:
Dungeon (7/15)             Temple (1/1) D:4

Altars:
Cheibriados
Dithmenos
Elyvilon
Fedhas
Gozag
Makhleb
Nemelex Xobeh
Okawaru
Qazlal
Ru
Sif Muna
Trog
Uskayaw
Vehumet
Wu Jian
Xom
Yredelemnul
The Shining One

Shops:
D:2 ?   D:7 **

Annotations:
D:2 1 runed translucent door, Crazy Yiuf
D:7 Joseph


Innate Abilities, Weirdness & Mutations

You have a beak for a mouth.
You have claws for feet.
Your magical nature lets you fly swiftly and evasively.


Message History

Joseph completely misses you.
You closely miss Joseph.
The orc shouts!
You claw Joseph, but do no damage. Your peck misses Joseph.
Joseph hits you with a +0 quarterstaff!
You hit Joseph but do no damage. Your peck misses Joseph.
Joseph hits you with a +0 quarterstaff!
You hit Joseph. Your peck misses Joseph.
Joseph is lightly wounded.
Joseph completely misses you.
You closely miss Joseph. Your kick misses Joseph.
Joseph is lightly wounded.
Joseph hits you with a +0 quarterstaff!
The orc wizard mumbles some strange words.
The orc wizard flickers and vanishes!
Deactivating autopickup; reactivate with Ctrl-A.
You barely miss Joseph. You claw Joseph.
Joseph is lightly wounded.
Joseph hits you with a +0 quarterstaff.
You hit Joseph.
Joseph is lightly wounded.
Joseph hits you with a +0 quarterstaff!
* * * LOW HITPOINT WARNING * * *
You hit Joseph but do no damage. You claw Joseph. You peck Joseph.
Joseph is lightly wounded.
Joseph barely misses you.
You feel very mighty all of a sudden. Joseph closely misses you.
You barely miss Joseph. You claw Joseph!
Joseph is moderately wounded.
Joseph hits you with a +0 quarterstaff.
* * * LOW HITPOINT WARNING * * *
You closely miss Joseph. You claw Joseph. Your peck misses Joseph.
Joseph is heavily wounded.
Joseph barely misses you.
You whack Joseph!
Joseph is severely wounded.
Joseph says, "You must be punished!
Or...
I want to punish you!" Joseph hits you with a +0 quarterstaff!
You die...

###............##
##...######...#
#### #...## ##..#
...###....## #..#
..........# ##..#
.########## #..##
## # ###.## ##
....###.$## .#
....o.@@## D$.#
..####### Y.....
........ ........
..)..[.. #######.


You could see Joseph and an orc.

Vanquished Creatures
  Pikel (D:3)
  A wyvern (D:6)
  Eustachio (D:5)
  A steam dragon (D:6)
  Menkaure (D:6)
  2 orc warriors
  A black bear (D:6)
  An ogre (D:4)
  2 lemures
  A bullfrog (D:7)
  A scorpion (D:4)
  A howler monkey (D:6)
  5 hounds
  2 jellies
  4 orc priests
  A sleepcap (D:4)
  An iguana (D:5)
  4 orc wizards
  4 adders
  4 gnolls
  A white imp (D:6)
  2 ufetubi
  2 worms
  3 dart slugs
  22 orcs
  6 ball pythons
  8 endoplasms
  3 giant cockroaches
  6 goblins
  8 hobgoblins
  3 jackals (D:2)
  4 quokkas
  A bat (D:1)
  6 frilled lizards
  4 kobolds
  7 rats
125 creatures vanquished.

Notes
Turn   | Place    | Note
-------+----------+-------------------------------------------
     0 | D:1      | Aneyh the Tengu Fighter began the quest for the Orb.
     0 | D:1      | Reached XP level 1. HP: 14/14 MP: 2/2
   202 | D:1      | Reached XP level 2. HP: 19/19 MP: 3/3
   528 | D:1      | Reached skill level 4 in Fighting
   617 | D:1      | Reached XP level 3. HP: 24/24 MP: 4/4
   927 | D:2      | Found Wiomos's Magic Scroll Emporium.
  1597 | D:2      | Found a runed translucent door.
  1598 | D:2      | Noticed Crazy Yiuf
  2076 | D:3      | Found a radiant altar of Vehumet.
  2465 | D:4      | Reached XP level 4. HP: 30/30 MP: 5/5
  2571 | D:4      | Reached skill level 5 in Fighting
  2652 | D:4      | Gained mutation: Your magical nature lets you fly swiftly
                  | and evasively. [Tengu growth]
  2652 | D:4      | Reached XP level 5. HP: 29/35 MP: 6/6
  2689 | D:4      | Reached skill level 6 in Fighting
  2789 | D:4      | Found a staircase to the Ecumenical Temple.
  2826 | Temple   | Entered the Ecumenical Temple
  3005 | D:4      | Reached XP level 6. HP: 42/42 MP: 7/7
  3136 | D:4      | Reached skill level 7 in Fighting
  3334 | D:4      | Found a shimmering blue altar of Sif Muna.
  3663 | D:5      | Entered Level 5 of the Dungeon
  3663 | D:5      | Noticed Eustachio
  4308 | D:6      | Noticed a steam dragon
  4338 | D:5      | Killed Eustachio
  4339 | D:5      | Reached skill level 8 in Fighting
  4339 | D:5      | Reached XP level 7. HP: 48/49 MP: 8/8
  4348 | D:5      | Reached skill level 1 in Dodging
  4590 | D:5      | Noticed Pikel
  4764 | D:3      | Killed Pikel
  4765 | D:3      | Reached skill level 9 in Fighting
  4765 | D:3      | Reached XP level 8. HP: 13/57 MP: 9/9
  5651 | D:5      | Reached skill level 10 in Fighting
  6756 | D:6      | Found a glowing golden altar of the Shining One.
  7067 | D:6      | Noticed a wyvern
  7076 | D:6      | Killed a wyvern
  7077 | D:6      | Reached skill level 5 in Dodging
  7077 | D:6      | Noticed Menkaure
  7270 | D:6      | Killed Menkaure
  7271 | D:6      | Reached XP level 9. HP: 23/62 MP: 10/10
  8215 | D:6      | Identified the +4 helmet "Nopleach" {+Blink rF- rN++}
  8280 | D:7      | Found a snail-covered altar of Cheibriados.
  8328 | D:7      | Found Ommeutz's General Store.
  8332 | D:7      | Found Tothrioj's Specific Store.
  8895 | D:7      | Noticed Joseph
  8908 | D:7      | Slain by Joseph

Illustrated notes

Levels and vault maps discovered:
D:1:      dpeg_arrival_boxes_within_box, layout_basic
D:2:      layout_basic, serial_shops, shop, minmay_misc_feat_nine_boxes,
          roderic_lattice_a, minmay_fountain_box, chequers_avenue,
          uniq_crazy_yiuf_cottage
D:3:      layout_rooms, nicolae_vehumet_radiance, serial_curves, eino_curves_03,
          eino_curves_02, eino_curves_01
D:4:      layout_layer_cave, lemuel_doored_altar,
          minmay_temple_entry_stoned_glass
D:5:      layout_cave_pods, grunt_ministairs_9, uniq_pikel, uniq_eustachio
D:6:      nicolae_cairo_tiling_large, layout_rooms,
          nicolae_tso_swordbearing_angel, uniq_menkaure
D:7:      layout_layer_cave, cheibriados_altar_1, serial_shops,
          nicolae_shop_crystal, minivault_25, chequers_serial_rivers_small_b,
          hangedman_glass_garden, nicolae_specific_store, uniq_joseph
Temple:   eino_narrow_crystal_temple

Skill      XL: |  1  2  3  4  5  6  7  8  9 |
---------------+----------------------------+-----
Fighting       | 4 5 6 8 9 10 | 10.6
Dodging        | 2 6 7 |  7.1
Maces & Flails | |  2.1
Armour         | |  3.2
Shields        | |  3.0

Action                     |  1- 3 |  4- 6 |  7- 9 || total
---------------------------+-------+-------+-------++-------
  Melee: Flail             |    97 |    66 |    20 ||   183
         Kick              |    20 |    13 |    58 ||    91
         Peck              |     4 |    11 |    36 ||    51
         Whip              |       |       |   149 ||   149
         Trident           |       |       |     4 ||     4
  Throw: Javelin           |       |    13 |     8 ||    21
    Use: Scroll            |       |     4 |     1 ||     5
         Potion            |       |       |     1 ||     1
   Stab: Sleeping          |       |       |     1 ||     1
 Armour: Scale mail        |    35 |    37 |    35 ||   107
         Steam dragon scal |       |       |     7 ||     7
  Dodge: Dodged            |    57 |    71 |   132 ||   260
         Repelled          |     1 |     1 |     2 ||     4
  Block: Buckler           |    17 |    27 |    37 ||    81

Table legend: (Time is in decaauts)
 A = Elapsed time spent in this place.
 B = Non-inter-level travel time spent in this place.
 C = Inter-level travel time spent in this place.
 D = Time resting spent in this place.
 E = Time spent auto-exploring this place.
 F = Levels seen in this place.
 G = Mean time per level.
                   A        B        C        D        E       F      G
               +--------+--------+--------+--------+--------+-----+--------+
         Total |   8742 |   8422 |    320 |   3022 |   3875 |   8 | 1092.8 |
       Dungeon |   8497 |   8188 |    309 |   2925 |   3747 |   7 | 1213.9 |
        Temple |    245 |    235 |     10 |     97 |    127 |   1 |  245.0 |
               +--------+--------+--------+--------+--------+-----+--------+

Top non-repeatable levels by time:
     D:4: 2044 daAuts
     D:5: 1841 daAuts
     D:6: 1269 daAuts
     D:2: 1014 daAuts
     D:1: 940 daAuts
     D:3: 935 daAuts
     D:7: 451 daAuts
  Temple: 245 daAuts
